Map: 匹昂台地

Players

Fsd - Winner!

  • Race: Terran Terran
  • League: Platinum

shengy

  • Race: Zerg Zerg
  • League: Platinum

VOD

Have the link to the VOD?

Description

Time

  • Played on: Dec. 23, 2015, 4:03 p.m.
  • Length: 4:26
Show
View Real Time Build Order
Export as new Build Order

Fsd Terran - Winner!

Build Orders:  

Get SALT Encoding   

  12  0:00  SCV  
  13  0:12  SCV  
  14  0:17  Supply Depot  
  14  0:25  SCV  
  15  0:39  SCV  
  15  0:40  Barracks  
  16  0:49  Refinery  
  16  0:51  SCV  
  17  0:59  Barracks  
  17  1:03  SCV  
  18  1:14  Supply Depot  
  18  1:15  SCV  
  19  1:28  Orbital Command  
  19  1:35  Reaper  
  20  1:51  Refinery  
  20  1:52  Reaper  
  20  1:54  SCV  
  22  2:03  Barracks  
  22  2:06  SCV  
  23  2:11  Reaper  
  24  2:17  Supply Depot  
  24  2:19  SCV  
  25  2:26  Reaper  
  26  2:31  SCV  
  27  2:49  Reaper  
  28  2:58  Reaper  
  29  3:09  SCV  
  29  3:10  Reaper  
  31  3:20  Command Center  
  31  3:21  Reaper, SCV  
  33  3:35  Reaper  
  34  3:44  Reaper  
  35  3:49  SCV  
  35  3:53  Reaper  
  37  3:58  Command Center  
Show
View Real Time Build Order
Export as new Build Order

shengy Zerg 

Build Orders: Pool First 

Get SALT Encoding   

  12  0:00  Drone  
  13  0:13  Drone  
  14  0:17  Overlord  
  14  0:36  Drone x3  
  14  0:41  Extractor  
  16  0:47  Drone  
  17  0:55  Spawning Pool  
  16  0:58  Drone  
  17  1:09  Overlord  
  17  1:21  Drone  
  18  1:42  Metabolic Boost  
  18  1:51  Zergling x4  
  18  1:53  Zergling x2  
  21  1:56  Hatchery, Queen  
  22  2:07  Drone  
  23  2:20  Drone  
  24  2:31  Queen  
  24  2:32  Drone  
  27  2:54  Drone x2  
  29  3:11  Drone x2  
  33  3:15  Drone x2  
  33  3:19  Drone  
  36  3:21  Lair  
  36  3:24  Queen, Extractor  
  36  3:26  Drone  
  36  3:28  Overlord  
  35  3:45  Zergling x2  
  35  3:46  Zergling x2  
  35  3:47  Zergling x10  
  42  3:51  Drone  
Tags
 
Add a new tag
Caveats
  • Supply blocks, unpowered buildings, or Contaminate may cause inaccurate times.
  • Supply counts are checked every 10 seconds.